Map: Jagannatha EC

Players

leSherif - Winner!

  • Race: Terran Terran
  • League: Silver

VOD

Have the link to the VOD?

Description

Time

  • Played on: Oct. 13, 2021, 11:09 a.m.
  • Length: 16:08
Show
View Real Time Build Order
Export as new Build Order

leSherif Terran - Winner!

Build Orders:  

Get SALT Encoding   

  12  0:00  SCV  
  13  0:17  SCV  
  14  0:24  Supply Depot  
  14  0:34  SCV  
  15  0:54  SCV  
  16  1:11  SCV  
  17  1:25  Command Center  
  10  1:30  SCV  
  18  1:45  Barracks  
  18  1:49  SCV  
  19  2:01  Refinery  
  19  2:06  SCV  
  20  2:10  Refinery  
  20  2:23  SCV  
  21  2:40  SCV  
  22  2:57  SCV  
  23  3:00  Barracks  
  23  3:02  Barracks  
  23  3:10  Orbital Command  
  23  3:16  SCV  
  24  3:30  Barracks Reactor  
  24  3:39  Orbital Command  
  24  3:54  Factory  
  24  3:55  SCV  
  25  4:07  Stimpack  
  25  4:08  Barracks Tech Lab  
  25  4:16  Barracks Tech Lab  
  25  4:17  SCV x2  
  27  4:34  Engineering Bay  
  27  4:37  Engineering Bay  
  27  4:44  Unknown  
  27  4:46  SCV  
  28  4:53  SCV  
  28  4:54  Refinery  
  28  4:56  Factory Reactor  
  29  5:05  Starport  
  29  5:08  SCV  
  30  5:13  Marine  
  30  5:16  Marine  
  32  5:23  SCV  
  33  5:33  SCV  
  33  5:34  Marine x2  
  33  5:36  Supply Depot  
  33  5:39  SCV  
  37  5:50  SCV  
  37  5:52  Terran Infantry Weapons Level 1  
  37  5:54  Terran Infantry Armor Level 1  
  38  6:06  Marine x2  
  38  6:07  Marine x2  
  38  6:08  SCV x2  
  44  6:10  Supply Depot  
  44  6:21  Refinery  
  44  6:25  SCV x2  
  46  6:36  Medivac x2, Marine x3  
  53  6:45  SCV  
  53  6:46  SCV  
  53  6:47  Supply Depot  
  55  6:51  Factory Tech Lab  
  55  6:58  Armory  
  55  7:01  Marine  
  55  7:02  Marine  
  55  7:03  Marine  
  55  7:05  SCV  
  55  7:09  SCV  
  60  7:15  Marine  
  61  7:22  SCV  
  61  7:26  SCV, Marine  
  64  7:39  SCV, Marine  
  66  7:40  Marine  
  66  7:43  SCV  
  68  8:04  Command Center  
  68  8:05  Marine x2  
  70  8:12  Supply Depot  
  70  8:15  Supply Depot  
  70  8:19  Barracks  
  70  8:35  Terran Infantry Weapons Level 2  
  70  8:40  Terran Infantry Armor Level 2  
  70  8:42  SCV x2, Marine x4  
  70  8:45  Supply Depot  
  76  8:52  Supply Depot  
  76  8:59  SCV x2  
  78  9:07  Marine x3  
  77  9:36  Medivac x2  
  77  9:37  Marine  
  77  9:38  Marine x2  
  77  9:39  SCV x2  
  86  9:52  Marine  
  86  9:53  Marine  
  86  9:56  Orbital Command, SCV x2  
  84  10:02  Marine  
  84  10:03  Marine x2  
  84  10:09  Supply Depot  
  87  10:11  Supply Depot  
  87  10:13  SCV x2, Barracks  
  87  10:16  Barracks  
  87  10:17  Marine  
  90  10:29  SCV, Marine x2  
  84  10:30  SCV  
  84  10:33  Marine  
  84  10:37  Barracks Reactor  
  86  10:42  Marine  
  86  10:46  SCV  
  86  10:47  SCV, Siege Tank  
  86  10:48  Barracks  
  92  10:50  Barracks  
  92  10:52  Medivac  
  92  10:54  Marine  
  92  10:55  Medivac  
  97  11:01  SCV  
  97  11:03  SCV, Marine  
  97  11:04  SCV  
  101  11:20  SCV  
  101  11:23  Marine x2  
  101  11:24  Barracks Reactor  
  101  11:26  Marine  
  101  11:27  Marine x2  
  101  11:28  Marine x2  
  101  11:29  Command Center, SCV x2  
  111  11:38  SCV  
  112  11:42  Medivac x2  
  112  11:43  Siege Tank  
  112  11:48  Marine x2  
  112  11:49  Terran Infantry Weapons Level 3  
  121  11:51  Marine  
  121  11:52  Terran Infantry Armor Level 3, Marine  
  123  12:11  Marine  
  123  12:12  Marine x2  
  123  12:13  SCV x2  
  128  12:22  Barracks  
  128  12:23  Marine  
  128  12:24  Marine  
  128  12:25  Barracks  
  128  12:26  Barracks  
  128  12:29  Barracks  
  130  12:30  SCV x2  
  130  12:31  SCV  
  130  12:32  Supply Depot x2  
  130  12:36  Supply Depot x2  
  133  12:43  Marine  
  133  12:47  SCV  
  98  13:19  Marine x2  
  98  13:25  Marine  
  98  13:26  Marine x6  
  105  13:41  Siege Tank  
  105  13:42  Medivac x2  
  105  13:43  Siege Tank  
  105  13:44  SCV, Marine x2  
  105  13:45  Orbital Command  
  115  13:50  Marine  
  115  13:51  Marine x6  
  115  13:56  Barracks Reactor  
  115  13:57  Barracks Reactor x2  
  122  14:00  SCV x3  
  122  14:08  Barracks Reactor  
  122  14:09  Marine x2  
  127  14:15  Marine  
  127  14:16  Marine x4  
  130  14:25  Marine x2  
  132  14:31  Siege Tank  
  132  14:32  Medivac x2  
  132  14:33  SCV  
  132  14:34  Marine x2  
  132  14:35  SCV x2  
  144  14:40  Marine x3  
  144  14:48  Marine x2  
  144  14:49  Marine  
  150  14:58  Marine x3  
  152  15:14  Medivac x2  
  152  15:16  Siege Tank  
Tags
 
League
Silver
Matchup
Co-op
Add a new tag
Caveats
  • Supply blocks, unpowered buildings, or Contaminate may cause inaccurate times.
  • Supply counts are checked every 10 seconds.